 Dungeon Crawl Stone Soup version 0.29.1-1-gd02db6906a (webtiles) character file.

Game seed: 17359559591368356564

96 Godmorgon the Gusty (level 4, 0/24 HPs)
             Began as a Tengu Air Elementalist on Oct 17, 2022.
             Slain by Ijyb
             ... wielding a +0 dagger
              (2 damage)
             ... on level 3 of the Dungeon.
             The game lasted 00:05:55 (2846 turns).

Godmorgon the Gusty (Tengu Air Elementalist)        Turns: 2846, Time: 00:05:56

Health: 0/24       AC:  2    Str:  9    XL:     4   Next: 67%
Magic:  1/9        EV: 12    Int: 17    God:
Gold:   127        SH:  0    Dex: 14    Spells: 5/8 levels left

rFire   . . .      SeeInvis .   a - +0 dagger (flame)
rCold   . . .      Faith    .   (no shield)
rNeg    + . .      Spirit   .   f - +0 robe
rPois   .          Reflect  .   (helmet restricted)
rElec   .          Harm     .   (no cloak)
rCorr   .          Rampage  .   (no gloves)
Will    .....                   (boots unavailable)
Stlth   ++........              (no amulet)
HPRegen 0.08/turn               c - ring of positive energy
MPRegen 0.11/turn               (no ring)

@: very slightly contaminated
A: beak, talons 3
a: no special abilities


You were on level 3 of the Dungeon.
You visited 1 branch of the dungeon, and saw 3 of its levels.

You collected 127 gold pieces.

Inventory:

Hand Weapons
 a - a +0 dagger of flaming (weapon)
Armour
 f - a +0 robe (worn)
Jewellery
 c - a ring of positive energy (left hand)
Scrolls
 b - a scroll of identify {unknown}
 d - a scroll of immolation {unknown}
Potions
 e - 3 potions of curing {unknown}
 g - a potion of resistance {unknown}
 h - 3 potions of invisibility {unknown}
 i - a potion of haste {unknown}


   Skills:
 - Level 2.1 Dodging
 - Level 2.0 Stealth
 + Level 2.7 Spellcasting
 + Level 3.0 Conjurations
 * Level 5.7 Air Magic


You had 5 spell levels left.
You knew the following spells:

 Your Spells              Type           Power      Damage    Failure   Level
d - Static Discharge      Conj/Air       17%        3-6/arc   4%          2
s - Shock                 Conj/Air       68%        1d7       3%          1

Your spell library contained the following spells:

 Spells                   Type           Power      Damage    Failure   Level
 Magic Dart               Conj           48%        1d5       5%          1
 Swiftness                Air            21%        N/A       5%          3
 Mephitic Cloud           Conj/Pois/Air  12%        N/A       16%         3
 Airstrike                Air            10%        2d(2-18)  17%         4
 Call Imp                 Summ           2%         N/A       26%         2


Dungeon Overview and Level Annotations

Branches:
Dungeon (3/15)

Altars:

Annotations:
D:3 Ijyb


Innate Abilities, Weirdness & Mutations

You have a beak for a mouth.
You have claws for feet.


Message History

Confirm with . or Enter, or press ? or * to list all spells.
Aiming: Shock (safe; 3% risk of failure)
Press: ? - help, Shift-Dir - straight line, f/p - hobgoblin
Aim: a hobgoblin (lightly wounded, 71% to hit)
The zap hits the hobgoblin.
You kill the hobgoblin!
You now have 125 gold pieces (gained 11).
Found a dagger.
You now have 126 gold pieces (gained 1).
You now have 127 gold pieces (gained 1).
Ijyb the Twisted Goblin comes into view.
She is wielding a +0 dagger and carrying a wand of flame (15).
Casting: Shock (safe; 3% risk of failure)
Confirm with . or Enter, or press ? or * to list all spells.
Ijyb is struck by an arc of lightning.
Ijyb is moderately wounded.
You are struck by an arc of lightning.
The lightning grounds out.
Ijyb hits you with a +0 dagger.
Casting: Static Discharge (safe; 4% risk of failure)
Confirm with . or Enter, or press ? or * to list all spells.
Ijyb is struck by an arc of lightning.
Ijyb is heavily wounded.
You are struck by an arc of lightning.
Ijyb is struck by an arc of lightning.
Ijyb is severely wounded.
You are struck by an arc of lightning.
The lightning grounds out.
Ijyb zaps a wand.
The puff of flame hits you!
* * * LOW HITPOINT WARNING * * *
Casting: Static Discharge (safe; 4% risk of failure)
Confirm with . or Enter, or press ? or * to list all spells.
You miscast Static Discharge.
You are very lightly contaminated with residual magic.
Nothing appears to happen.
Ijyb hits you with a +0 dagger.
* * * LOW HITPOINT WARNING * * *
Casting: Static Discharge (safe; 4% risk of failure)
Confirm with . or Enter, or press ? or * to list all spells.
Ijyb is struck by an arc of lightning.
Ijyb is severely wounded.
You are struck by an arc of lightning.
* * * LOW HITPOINT WARNING * * *
The lightning grounds out.
Ijyb hits you with a +0 dagger.
You die...

................####
#######.#######.....
######.#######..###
#...........##.....
#)####.####.##..... #.
###.####.##..... #.
#.....##.##.....
#.##g##.###.##.##.....
#....@..# #........#.#
#.##.##.###.##.##....#
#. #.....##.##.#.## #.
###.####.##..#.< #.
#.# #.##...## #. ...
..##...## ## ##.##
####.#.## #.# #.#.##
... ......


You could see Ijyb.

Vanquished Creatures
  A howler monkey (D:2)
  2 adders (D:2)
  4 dart slugs
  2 bats
  An endoplasm (D:1)
  A giant cockroach (D:2)
  5 goblins
  4 hobgoblins
  2 jackals (D:1)
  3 quokkas (D:1)
  2 ball pythons
  A frilled lizard (D:1)
  2 kobolds (D:1)
  5 rats
35 creatures vanquished.

Notes
Turn   | Place    | Note
-------+----------+-------------------------------------------
     0 | D:1      | Godmorgon the Tengu Air Elementalist began the quest for
                  | the Orb.
     0 | D:1      | Reached XP level 1. HP: 10/10 MP: 4/4
   283 | D:1      | Reached XP level 2. HP: 15/15 MP: 1/6
   286 | D:1      | Learned a level 2 spell: Static Discharge
  1552 | D:1      | Reached XP level 3. HP: 15/19 MP: 0/7
  1994 | D:2      | Reached skill level 5 in Air Magic
  1994 | D:2      | Reached XP level 4. HP: 24/24 MP: 2/8
  2842 | D:3      | Noticed Ijyb
  2846 | D:3      | Slain by Ijyb

Illustrated notes

Levels and vault maps discovered:
D:1:      minmay_arrival_four_houses, layout_loops_ring, serial_forest,
          infiniplex_forest_fountain, infiniplex_forest_clump_small,
          infiniplex_forest_clump_tiny, infiniplex_forest_lined_corner,
          infiniplex_forest_clump_diagonal, infiniplex_forest_clump_medium,
          infiniplex_forest_lined_2
D:2:      layout_loops_ring, minmay_fountain_box
D:3:      layout_loops_cross, roderic_nine_men_s_morris,
          kennysheep_generic_room_4, uniq_robin, uniq_ijyb,
          uniq_crazy_yiuf_cottage, uniq_jessica

Skill      XL: |  1  2  3  4 |
---------------+-------------+-----
Conjurations   | 2 3 |  3.0
Air Magic      | 5 |  5.7
Dodging        | |  2.1
Stealth        | |  2.0
Spellcasting   | |  2.7

Action                   |  1- 3 |  4- 6 || total
-------------------------+-------+-------++-------
Melee: Dagger            |     2 |       ||     2
       Kick              |     1 |       ||     1
 Cast: Shock             |    25 |    24 ||    49
       Static Discharge  |    16 |     4 ||    20
  Use: Potion            |     1 |       ||     1
Armor: Robe              |       |     1 ||     1
Dodge: Dodged            |     9 |     2 ||    11
